 Dungeon Crawl Stone Soup version 0.24.0-13-gcf9b3192b9 (webtiles) character file.

Game seed: 13479271982937346435, levelgen mode: deterministic

145 FishyPogo the Chiller (level 5, -2/57 HPs)
             Began as a Barachi Ice Elementalist on Nov 3, 2019.
             Killed from afar by Ijyb (17 damage)
             ... with a bolt of acid
             ... on level 3 of the Dungeon on Nov 8, 2019.
             The game lasted 00:15:48 (2248 turns).

FishyPogo the Chiller (Barachi Ice Elementalist)    Turns: 2248, Time: 00:15:48

Health: -2/57      AC: 18    Str: 10    XL:     5   Next: 27%
Magic:  2/9        EV:  2    Int: 16    God:
Gold:   113        SH:  0    Dex: 12    Spells: 2/9 levels left

rFire    . . .     SeeInvis .   a - +0 dagger (venom)
rCold    . . .     Gourm    +   (no shield)
rNeg     + + +     Faith    .   (armour currently unavailable)
rPois    +         Spirit   .   (helmet currently unavailable)
rElec    .         Reflect  .   (cloak currently unavailable)
rCorr    .         Harm     .   (gloves currently unavailable)
MR       .....     NoTele   +   (boots currently unavailable)
Stlth    ++........             h - amulet of the gourmand
HPRegen  0.19/turn              (no ring)
MPRegen  0.11/turn              (no ring)

@: tree-form, corroded
A: +LOS, swims
a: no special abilities


You were on level 3 of the Dungeon.
You were full.
You were a tree.
You visited 1 branch of the dungeon, and saw 3 of its levels.

You collected 113 gold pieces.

Inventory:

Hand Weapons
 a - a +0 dagger of venom (weapon)
Missiles
 f - 64 stones (quivered)
 g - 8 curare-tipped darts
 o - 5 boomerangs
 p - 6 javelins
Armour
 m - a +0 robe (melded)
 r - a +0 pair of gloves (melded)
Jewellery
 h - an amulet of the gourmand (around neck)
Scrolls
 b - 2 scrolls of amnesia {unknown}
 i - a scroll of identify {unknown}
 j - a scroll of random uselessness {unknown}
 k - a scroll of enchant armour {unknown}
 n - a scroll of teleportation {unknown}
Potions
 e - a potion of curing
Comestibles
 c - 4 rations


   Skills:
 + Level 1.9 Fighting
 + Level 2.0 Armour
 + Level 2.9 Dodging
 - Level 2.0 Stealth
 + Level 2.8 Spellcasting
 - Level 1.1 Conjurations
 * Level 1.4 Summonings
 * Level 4.8 Ice Magic


You had 2 spell levels left.
You knew the following spells:

 Your Spells              Type           Power        Failure   Level  Hunger
a - Freeze                Ice            ###.         2%          1    #......
b - Throw Frost           Conj/Ice       ##....       9%          2    ##.....
c - Summon Ice Beast      Ice/Summ       ##......     45%         4    #####..

Your spell library contained the following spells:

 Spells                   Type           Power        Failure   Level  Hunger
 Ozocubu's Armour         Chrm/Ice       ##......     22%         3    ###....
 Throw Icicle             Conj/Ice       ##......     50%         4    #####..


Dungeon Overview and Level Annotations

Branches:
Dungeon (3/15)

Altars:

Annotations:
D:3 Grinder, Ijyb


Innate Abilities, Weirdness & Mutations

Shadows flee at your approach. (+LOS)
You can swim through water.
((You cover ground slowly.))
((You can hop short distances.))


Message History

You freeze Ijyb.
Ijyb is heavily wounded.
Ijyb hits you but does no damage.
Casting: Freeze (safe; 2% risk of failure)
Confirm with . or Enter, or press ? or * to list all spells.
Aiming: Freeze (safe; 2% risk of failure)
Press: ? - help, Shift-Dir - straight line, f/p - Ijyb
Aim: Ijyb, wielding a +0 dagger, wearing a +0 ring mail and carrying a wand of acid (11) (heavily wounded, poisoned)
You freeze Ijyb.
Ijyb is severely wounded.
Ijyb hits you but does no damage.
Casting: Freeze (safe; 2% risk of failure)
Confirm with . or Enter, or press ? or * to list all spells.
Aiming: Freeze (safe; 2% risk of failure)
Press: ? - help, Shift-Dir - straight line, f/p - Ijyb
Aim: Ijyb, wielding a +0 dagger, wearing a +0 ring mail and carrying a wand of acid (11) (severely wounded, poisoned)
You freeze Ijyb.
Ijyb is almost dead.
Ijyb zaps a wand.
The bolt of acid hits you!
You die...

#.# #.# #.# #.# #.#
#.###### #.#
#....[.#
#.############.#
#.#.......# #.####
#.#.....#. #.##..
#.#.....#. #.##.#
#.♣g....#. #....#
#...#.#.#.#########
#.#... #..........
#.#.#.# ###########
#.#...# #...
#.##### #.## #.#
#.#. ..# #.#. ..
#.#.


You could see Ijyb.

Vanquished Creatures
  Jessica (D:2)
  A gnoll (D:1)
  3 adders
  3 oozes
  A worm (D:3)
  A dart slug (D:2)
  4 leopard geckos
  2 orcs (D:3)
  6 giant cockroaches
  2 goblins
  10 hobgoblins
  3 jackals (D:1)
  7 kobolds
  2 quokkas (D:2)
  A ball python (D:3)
  5 bats
  4 frilled lizards (D:2)
  2 rats
58 creatures vanquished.

Notes
Turn   | Place    | Note
-------+----------+-------------------------------------------
     0 | D:1      | FishyPogo the Barachi Ice Elementalist began the quest for
                  | the Orb.
     0 | D:1      | Reached XP level 1. HP: 13/13 MP: 3/3
   134 | D:1      | Reached XP level 2. HP: 16/20 MP: 0/5
   169 | D:1      | Learned a level 2 spell: Throw Frost
   287 | D:1      | Reached skill level 4 in Ice Magic
   339 | D:1      | Reached skill level 1 in Fighting
   339 | D:1      | Reached skill level 1 in Armour
   339 | D:1      | Reached XP level 3. HP: 24/26 MP: 0/6
   849 | D:2      | You fall into a shaft and drop 1 floor!
  1062 | D:2      | Reached XP level 4. HP: 30/32 MP: 2/7
  1151 | D:2      | Learned a level 4 spell: Summon Ice Beast
  1341 | D:2      | Noticed Jessica
  1354 | D:2      | Killed Jessica
  1354 | D:2      | Reached skill level 1 in Summonings
  1354 | D:2      | Reached XP level 5. HP: 32/38 MP: 0/9
  1606 | D:2      | Upgraded the game from 0.24.0-10-g970556be89 to
                  | 0.24.0-13-gcf9b3192b9
  1654 | D:3      | Noticed Grinder
  1767 | D:3      | Paralysed by Grinder for 5 turns
  2190 | D:3      | Noticed Ijyb
  2248 | D:3      | Killed from afar by Ijyb

Levels and vault maps discovered:
D:1:      onia_arrival_pyramid, layout_rooms, chequers_serial_rivers_small_3
D:2:      layout_loops_ring, first_ration, uniq_jessica
D:3:      layout_basic, hex_medium, uniq_ijyb, uniq_grinder, uniq_robin

Skill      XL: |  1  2  3  4 |
---------------+-------------+-----
Ice Magic      | 4 |  4.8
Fighting       | 1 |  1.9
Armour         | 1 2 |  2.0
Stealth        | 2 |  2.0
Summonings     | 1 |  1.4
Dodging        | |  2.9
Spellcasting   | |  2.8
Conjurations   | |  1.1

Action                   |  1- 3 |  4- 6 || total
-------------------------+-------+-------++-------
Melee: Dagger            |    38 |    23 ||    61
 Cast: Freeze            |    34 |    35 ||    69
       Throw Frost       |    13 |    16 ||    29
 Abil: Hop               |     3 |       ||     3
  Use: Potion            |       |     5 ||     5
 Stab: Sleeping          |       |     1 ||     1
  Eat: Chunk             |    20 |     2 ||    22
Armor: Robe              |    15 |     8 ||    23
       Skin              |       |     5 ||     5
Dodge: Dodged            |    68 |    30 ||    98
